AoeStats
← Tchitchi d'Afflelou

Arena

509605316Analyzed
4v4 RM · 6d ago on Sep 27, 2026· 54m 38s· 8 players
Game mode
Random Map
Map size
Large (8 player)
Population
200
Speed
Normal
Resources
Standard
Victory
Conquest
Starting age
Dark Age
Ending age
Imperial Age
RankedLock teamsTeams togetherTeam positionsShared explorationLock speedFull tech treeHidden civsTurbo modeCheats
Victory
Defeat
🇳🇴 Khmer · Norway
1451
+15
🇩🇪 Burgundians · Germany
1446
+15
🇲🇽 Italians · Mexico
1386
+18
🇷🇴 Spanish · Romania
1368
+18
🇩🇪 Mongols · Germany
1503
-19
🇹🇼 Persians · Taiwan
1430
-17
🇫🇷 Malay · France
1427
-17
🇨🇳 Spanish · China
1340
-13
Moctezama
10:07 Feudal Age
8:34 Loom
14:46 Castle Age
13:15 Double-Bit Axe
19:46 Wheelbarrow
29:43 Imperial Age
28:23 Fletching
28:33 Padded Archer Armor
29:55 Bodkin Arrow
30:15 Leather Archer Armor
31:35 Chemistry
32:05 Bracer
32:36 Ring Archer Armor
34:06 Conscription
37:16 Gold Mining
39:21 Stone Mining
41:23 Ballistics
42:29 Elite Genoese Crossbowman
47:15 Stone Shaft Mining
Sasha The Bunny
11:27 Feudal Age
14:26 Castle Age
12:28 Horse Collar
12:36 Double-Bit Axe
15:41 Scale Barding Armor
15:47 Forging
22:42 Loom
23:27 Bloodlines
24:29 Wheelbarrow
23:39 Town Watch
24:37 Husbandry
24:13 Light Cavalry
25:54 Chain Barding Armor
30:47 Gold Mining
32:20 Gold Shaft Mining
32:13 Stone Mining
33:04 Iron Casting
34:28 Fletching
35:21 Bodkin Arrow
38:29 Heavy Plow
41:52 Imperial Age
40:44 Tusk Swords
42:37 Elite Battle Elephant
43:59 Conscription
44:04 Bow Saw
44:47 Plate Barding Armor
44:52 Siege Engineers
44:58 Masonry
45:14 Ballistics
46:14 Blast Furnace
45:54 Double Crossbow
45:37 Heavy Scorpion
46:44 Bracer
47:51 Chemistry
47:02 Masonry
46:51 Capped Ram
47:46 Siege Ram
51:48 Architecture
52:08 Hoardings
PAX
10:13 Feudal Age
11:18 Loom
14:13 Castle Age
13:00 Double-Bit Axe
13:40 Horse Collar
31:43 Bow Saw
31:35 Heavy Plow
38:53 Imperial Age
37:42 Fervor
37:53 Sanctity
38:11 Forging
38:06 Scale Barding Armor
38:52 Husbandry
39:04 Bloodlines
38:18 Light Cavalry
40:04 Chain Barding Armor
40:19 Iron Casting
40:06 Block Printing
40:30 Theocracy
41:14 Chemistry
42:12 Plate Barding Armor
43:28 Blast Furnace
41:50 Cavalier
42:32 Hussar
43:14 Fletching
43:25 Padded Archer Armor
48:09 Leather Archer Armor
Triari
5:54 Double-Bit Axe
11:10 Feudal Age
14:49 Castle Age
13:03 Bow Saw
13:02 Horse Collar
14:04 Heavy Plow
17:50 Two-Man Saw
20:18 Wheelbarrow
23:29 Scale Barding Armor
23:27 Gold Mining
25:25 Chain Barding Armor
25:42 Gold Shaft Mining
25:30 Husbandry
25:59 Forging
25:14 Cavalier
27:46 Iron Casting
27:38 Hand Cart
27:09 Loom
27:10 Town Watch
31:52 Imperial Age
32:56 Coinage
33:04 Iron Casting
31:57 Paladin
33:20 Plate Barding Armor
34:15 Chemistry
33:11 Stone Mining
33:14 Light Cavalry
34:18 Burgundian Vineyards
34:36 Conscription
35:34 Blast Furnace
36:11 Banking
36:35 Hussar
Tchitchi d'Afflelou
8:34 Feudal Age
8:15 Double-Bit Axe
10:16 Horse Collar
16:10 Castle Age
14:46 Stone Mining
18:25 Forging
18:08 Gold Mining
22:29 Loom
28:21 Wheelbarrow
29:09 Gold Shaft Mining
31:10 Sanctity
33:12 Hand Cart
33:37 Stone Shaft Mining
37:45 Redemption
44:23 Bow Saw
mia
9:53 Feudal Age
9:57 Feudal Age
14:09 Castle Age
12:34 Stone Mining
13:00 Double-Bit Axe
13:50 Loom
13:59 Horse Collar
23:05 Bow Saw
25:07 Wheelbarrow
24:17 Town Watch
26:50 Town Watch
29:15 Gold Mining
30:30 Hand Cart
30:36 Bloodlines
30:27 Husbandry
35:16 Imperial Age
33:34 Padded Archer Armor
35:44 Elite Conquistador
37:48 Conscription
39:14 Conscription
39:24 Leather Archer Armor
40:11 Chemistry
39:55 Devotion
50:12 Fletching
50:59 Ring Archer Armor
51:20 Bodkin Arrow
54:48 Hoardings
JuraRox
9:37 Feudal Age
13:21 Castle Age
11:58 Double-Bit Axe
12:20 Horse Collar
15:00 Bow Saw
18:44 Wheelbarrow
18:31 Bow Saw
22:09 Hand Cart
22:13 Gold Mining
27:25 Imperial Age
25:18 Stone Mining
26:03 Gold Shaft Mining
25:33 Town Watch
25:34 Loom
26:08 Heavy Plow
27:57 Stone Shaft Mining
27:56 Scale Barding Armor
28:02 Forging
29:01 Chain Barding Armor
28:48 Light Cavalry
29:38 Bloodlines
29:28 Husbandry
30:13 Iron Casting
30:24 Fletching
31:56 Ballistics
33:03 Hussar
34:31 Bodkin Arrow
35:38 Blast Furnace
36:04 Drill
36:53 Murder Holes
40:49 Onager
41:56 Drill
44:47 Siege Onager
chengaopeng044
0:50 Loom
0:50 Loom
10:39 Feudal Age
14:27 Castle Age
12:25 Double-Bit Axe
13:42 Bloodlines
22:20 Wheelbarrow
21:58 Bow Saw
22:16 Horse Collar
24:52 Heavy Plow
26:41 Hand Cart
28:05 Town Watch
30:50 Gold Mining
31:50 Scale Mail Armor
34:05 Pikeman
34:46 Squires
35:00 Forging
35:05 Chain Mail Armor
37:18 Iron Casting
37:35 Stone Mining
41:52 Imperial Age
40:46 Kamandaran
41:43 Halberdier
43:35 Conscription
43:54 Coinage
44:24 Plate Mail Armor
45:03 Two-Man Saw
45:24 Husbandry
46:28 Blast Furnace
45:16 Arson
46:04 Crop Rotation
45:35 Cavalier
46:46 Savar
47:41 Scale Barding Armor
54:52 Fletching
Connection lost

Rejoining the realm…

Still unreachable

The connection could not be restored.

Session expired

The server has moved on; the page needs a fresh start.